[Event "Early-Titled-Tuesday-Blitz-October-24-2023"]
[Site "Chess.com"]
[Date "2023.10.24"]
[Round "4"]
[White "Malikova777"]
[Black "WindWhistler11"]
[Result "0-1"]
[WhiteElo "2229"]
[BlackElo "2451"]
[TimeControl "180+1"]
[EndTime "8:39:09 PDT"]
[Termination "WindWhistler11 won by checkmate"]

1. d4 Nf6 2. c4 e6 3. Nc3 c5 4. d5 exd5 5. cxd5 Bd6 6. e4 O-O 7. Nf3 Re8 8. Bd3 Bc7 9. O-O d6 10. a4 a6 11. Bf4 Nbd7 12. Re1 Nf8 13. Nd2 Ng6 14. Bg3 Rb8 15. f4 Bg4 16. Qc2 Nh5 17. Rf1 Bd7 18. Nc4 b5 19. axb5 axb5 20.
Ne3 c4 21. Be2 Nxg3 22. hxg3 Bb6 23. Rf3 Bg4 24. Qd2 b4 25. Nd1 Bxf3 26. gxf3 Qc7 27. Kg2 Rec8 28. Nxc4 Qc5 29. Nde3 b3 30. Nxb6 Rxb6 31.
Nc4 Rbb8 32. Ra5 Qc7 33. Ra6 Rd8 34. Qa5 Qe7 35. Rb6 Rbc8 36. Rxb3 h5 37. Rc3 h4 38. f5 Qg5 39. fxg6 Qxg3+ 40. Kh1 Ra8 41. Bf1 Rxa5 42. Nxa5 fxg6 43. Nc6 Rf8 44. b4 Rxf3 45. Rxf3 Qxf3+ 46. Bg2 Qd1+ 47. Kh2 Qe1 48. b5 Qg3+ 49. Kh1 h3 50.
Bxh3 Qxh3+ 51. Kg1 Qe3+ 52. Kh2 Qe2+ 53. Kg1 Qxb5 54. e5 Qb1+ 55. Kh2 Qc2+ 56. Kg1 Qd1+ 57. Kh2 Qd2+ 58. Kg1 dxe5 59. Kh1 Qxd5+ 60. Kg1 Qxc6 61.
Kh2 Qc4 62. Kg3 Kf7 63. Kh3 Qf4 64. Kg2 e4 65. Kg1 e3 66. Kh1 e2 67. Kg2 Ke6 68. Kh3 Kf5 69. Kg2 Kg4 70. Kg1 e1=Q+ 71. Kg2 Qff2# 0-1

[Event "Early-Titled-Tuesday-Blitz-October-24-2023"]
[Site "Chess.com"]
[Date "2023.10.24"]
[Round "4"]
[White "Mr_ruthless"]
[Black "Makswolf200817"]
[Result "1-0"]
[WhiteElo "2476"]
[BlackElo "2638"]
[TimeControl "180+1"]
[EndTime "8:39:11 PDT"]
[Termination "Mr_ruthless won by resignation"]

1. e4 c5 2. Nf3 d6 3. d4 cxd4 4. Nxd4 Nf6 5. f3 e5 6. Nb3 Be7 7. c4 a5 8. Be3 Be6 9. Nc3 O-O 10. Be2 Nh5 11. Nd5 Bg5 12. Bb6 Qd7 13. Nc7 Na6 14.
Nxa8 a4 15. Nc5 Nxc5 16. Bxc5 Rxa8 17. Qxd6 Qc8 18. g3 Nf6 19. Qxe5 Ra5 20. Qxg5 Rxc5 21. Qe3 Nd7 22. O-O Bxc4 23. Bxc4 Rxc4 24. Rac1 Ne5 25. Rxc4 Qxc4 26. Rc1 Qe6 27. b3 a3 28. f4 Nc6 29.
Rd1 h5 30. Rd2 h4 31. Qd3 h3 32. Qd5 Qg4 33. Qf5 Qf3 34. Qc8+ Kh7 35. Qxh3+ Kg8 36.
Qg2 Qe3+ 37. Kf1 g6 38. Qe2 Qc3 39. Qd3 Qc1+ 40. Kg2 Qc5 41. h4 Qh5 42. Qf3 Qa5 43. Qd3 Qh5 44. Qe2 Qc5 45. h5 gxh5 46. Rd5 Qe7 47.
Rxh5 Kf8 48. Rh8+ Kg7 49. Rh4 Kf8 50. e5 Qe6 51. Qg4 Qd5+ 52. Kh3 Ke7 53. Qg5+ Kd7 54. Qf5+ Kc7 55. Rh7 Nd8 56. Qf6 Qd7+ 57. Kh4 Qd2 58. Rh8 Qh2+ 59. Kg4 Ne6 60. Rxh2 1-0

[Event "Early-Titled-Tuesday-Blitz-October-24-2023"]
[Site "Chess.com"]
[Date "2023.10.24"]
[Round "4"]
[White "gueraumasague"]
[Black "Apocalyps999"]
[Result "1/2-1/2"]
[WhiteElo "2489"]
[BlackElo "2301"]
[TimeControl "180+1"]
[EndTime "8:39:11 PDT"]
[Termination "Game drawn by stalemate"]

1. e4 e5 2. Nc3 Nf6 3. f4 d5 4. fxe5 Nxe4 5. Qf3 f5 6. d3 Nxc3 7.
bxc3 d4 8. c4 c5 9. Qg3 Nc6 10.
Be2 g6 11. h4 Qa5+ 12. Kd1 Qc7 13. Bf4 Bg7 14. h5 Bxe5 15. Bxe5 Qxe5 16. Qxe5+ Nxe5 17. hxg6 Nxg6 18. Kd2 Kf7 19. Rb1 Rb8 20. Nh3 Kf6 21. Rhf1 Bd7 22. g4 Ne7 23. Nf4 Rhf8 24. gxf5 Nxf5 25. Nd5+ Ke5 26. Bf3 Bc6 27. Rbe1+ Kd6 28. Bg4 Bxd5 29. Bxf5 Bg8 30. a4 b6 31. Be4 a5 32. Ke2 Ke7 33. Rh1 Kd6 34. Rh6+ Kc7 35.
Reh1 Rbe8 36. Kd2 Re6 37. Rxe6 Bxe6 38. Rxh7+ Rf7 39. Rh6 Re7 40. Kc1 Bd7 41. Kb2 Bxa4 42. c3 Be8 43. cxd4 cxd4 44. Rh5 Bc6 45. Bxc6 Kxc6 46.
Rd5 Rd7 47. Rg5 Kb7 48. Kb3 Ka6 49. Ka4 Rf7 50. Rg6 Rd7 51. c5 Rb7 52. Rd6 Ka7 53.
cxb6+ Rxb6 54. Rxd4 Rb4+ 55. Rxb4 axb4 56. Kxb4 Kb6 57.
Kc4 Kc6 58. Kd4 Kd6 59. Ke4 Ke6 60. d4 Kd6 61. d5 Kd7 62. Kd4 Kd6 63. Ke4 Kd7 64. Ke5 Ke7 65. d6+ Kd7 66. Kd5 Kd8 67.
Ke6 Ke8 68. Ke5 Kd7 69. Kd5 Kd8 70. Kc6 Kc8 71. Kd5 Kd7 72. Kc5 Kd8 73. Kc6 Kc8 74.
Kd5 Kd7 75. Ke5 Kd8 76. Ke6 Ke8 77. d7+ Kd8 78. Kd6 1/2-1/2

[Event "Early-Titled-Tuesday-Blitz-October-24-2023"]
[Site "Chess.com"]
[Date "2023.10.24"]
[Round "4"]
[White "N4700000"]
[Black "Thunderbolt135"]
[Result "0-1"]
[WhiteElo "2533"]
[BlackElo "2765"]
[TimeControl "180+1"]
[EndTime "8:39:15 PDT"]
[Termination "Thunderbolt135 won on time"]

1. f4 d5 2. Nf3 g6 3. g3 Bg7 4. Bg2 Nf6 5. O-O O-O 6. d3 c5 7. Qe1 Nc6 8. c3 b6 9. e4 Ba6 10.
e5 Nd7 11. Qe2 Qc7 12. e6 fxe6 13. Ng5 Nd8 14. Nxe6 Nxe6 15. Qxe6+ Kh8 16. Bxd5 Bxd3 17. Rd1 Bf5 18. Qe2 Rad8 19. Na3 Nf6 20. Bf3 Rxd1+ 21. Qxd1 Rd8 22. Qe2 Bd3 23. Qe1 Ba6 24. Be3 e5 25.
fxe5 Qxe5 26. Bf4 Qf5 27. Rd1 Rxd1 28. Qxd1 h6 29. Nc2 Qe6 30. a3 Kh7 31. Qd2 Qe7 32.
Ne3 Bb7 33. Nd5 Bxd5 34. Bxd5 Nxd5 35. Qxd5 Qe1+ 36. Kg2 Qe2+ 37. Kh3 Qxb2 38. Qf7 Qxc3 39. Qxa7 Qf6 40. Bc7 c4 41. Qxb6 Qf5+ 42. Kg2 c3 43. Qc6 Qc2+ 44. Kh3 Qf5+ 45. Kg2 c2 46. Bf4 Qd3 47. Qc7 g5 48. Be5 Qe2+ 49. Kh3 Qxe5 50. Qxc2+ Kg8 51. Qc4+ Kf8 52. a4 Qf5+ 53. Kg2 g4 54. Qb4+ Kg8 55. a5 Qf3+ 56. Kg1 Qd1+ 57. Kg2 Qe2+ 58. Kg1 Bf8 59. Qb3+ Kg7 60. Qc3+ Kf7 61.
Qb3+ Kf6 62. Qc3+ Qe5 63. Qc6+ Qe6 64. Qc3+ Kg6 0-1

[Event "Early-Titled-Tuesday-Blitz-October-24-2023"]
[Site "Chess.com"]
[Date "2023.10.24"]
[Round "4"]
[White "Legendinunknown"]
[Black "Zhigalko_Sergei"]
[Result "0-1"]
[WhiteElo "2791"]
[BlackElo "2960"]
[TimeControl "180+1"]
[EndTime "8:39:23 PDT"]
[Termination "Zhigalko_Sergei won by checkmate"]

1. d4 Nf6 2. c4 e6 3. Nc3 Bb4 4. f3 d5 5. a3 Be7 6. e4 dxe4 7.
fxe4 e5 8. d5 O-O 9. Be2 Bc5 10.
Bg5 h6 11. Bh4 Bd4 12. Nf3 c5 13. Qd2 Nbd7 14. Bd3 Qb6 15. O-O-O a6 16. Kb1 Rb8 17. Rhf1 Qd6 18. Ne2 b5 19. cxb5 axb5 20. Bxf6 Nxf6 21. Nexd4 cxd4 22. Qb4 Qxb4 23. axb4 Bg4 24. Rc1 Bxf3 25. gxf3 Nh5 26. Rc5 Nf4 27. Bxb5 Rb6 28. Rfc1 g6 29. Ka2 Kg7 30. Kb3 Rfb8 31. Ka4 Ra8+ 32. Kb3 Rab8 33. Ka4 h5 34. Rd1 h4 35. Rd2 h3 36. Ka5 g5 37. b3 Kh7 38. Bc4 Rxb4 39. d6 R4b7 40. Rc7 Ra8+ 41. Ba6 Rxb3 42. Rxf7+ Kg6 43. Rc7 Ra3+ 44. Kb5 R3xa6 45. d7 Ra5+ 46. Kb4 Ra4+ 47. Kb5 R4a5+ 48. Kb4 Ne6 49. Rc8 Ra4+ 50. Kb5 Kf7 51. d8=Q Nxd8 52. Rxd8 Rxd8 53. Kxa4 Kg6 54.
Kb5 Rf8 55. Rd3 Rc8 56. Ra3 Rc2 57. Ra6+ Kh5 58. Re6 Rxh2 59. Rxe5 d3 60. Rd5 d2 61. e5 Re2 62. e6 h2 63. e7 Rxe7 64. Rxd2 h1=Q 65. Rd8 Qxf3 66. Rh8+ Kg4 67. Rd8 Qf5+ 68.
Kc6 Re6+ 69. Kc7 Qc5+ 70. Kb7 Qb5+ 71. Kc7 Qb6+ 72. Kd7 Rd6+ 73. Ke7 Qxd8+ 74. Kf7 Rf6+ 75. Kg7 Qf8+ 76. Kh7 Rh6# 0-1

[Event "Early-Titled-Tuesday-Blitz-October-24-2023"]
[Site "Chess.com"]
[Date "2023.10.24"]
[Round "4"]
[White "Gyulamiryan-koryun"]
[Black "NowInChess"]
[Result "1-0"]
[WhiteElo "1958"]
[BlackElo "2227"]
[TimeControl "180+1"]
[EndTime "8:39:26 PDT"]
[Termination "Gyulamiryan-koryun won by checkmate"]

1. e4 e6 2. d4 d5 3. exd5 exd5 4. Bd3 Nc6 5. c3 Bd6 6. Nf3 Bg4 7. O-O Nge7 8. Be3 Qd7 9. Nbd2 f6 10. Qc2 Bf5 11.
c4 Nb4 12. Bxf5 Nxc2 13. Bxd7+ Kxd7 14. Rac1 Nxe3 15. fxe3 c6 16. c5 Bc7 17. b4 a6 18. a4 Rhe8 19. e4 dxe4 20. Nxe4 Nd5 21. Nc3 Nxb4 22. Rb1 a5 23. Rfd1 Re3 24. Rbc1 Rae8 25.
d5 cxd5 26. Nxd5 Nxd5 27. Rxd5+ Kc6 28. Rcd1 R8e7 29. Rh5 g6 30. Nd4+ Kd7 31. Rd5+ Kc8 32. Nb5 Re1+ 33. Kf2 Rxd1 34. Rxd1 Re5 35. Rc1 Rf5+ 36.
Kg1 Rh5 37. h3 Rd5 38. c6 b6 39. Na7+ Kb8 40. Nb5 Rc5 41. Rxc5 bxc5 42. Kf2 Kc8 43. Ke3 Bb6 44. Kd3 Kd8 45. Kc4 Ke7 46. Kd5 f5 47.
c7 Kd7 48. c8=Q+ Kxc8 49. Nd6+ Kc7 50. Nb5+ Kb7 51. Nd6+ Kc7 52. Nc4 Kd7 53. Nxb6+ Ke7 54. Nc4 f4 55. Kxc5 Ke6 56. Nxa5 g5 57. Nc4 h5 58. a5 g4 59. hxg4 hxg4 60. a6 f3 61. gxf3 gxf3 62. Ne3 Ke5 63. a7 Ke4 64. a8=Q+ Kxe3 65.
Qe8+ Kf2 66. Kd4 Kg1 67. Qg6+ Kh2 68. Qf5 Kg2 69. Ke3 f2 70. Qxf2+ Kh1 71. Qf8 Kg1 72. Ke2 Kg2 73. Qg7+ Kh2 74. Kf3 Kh3 75. Qg3# 1-0

[Event "Early-Titled-Tuesday-Blitz-October-24-2023"]
[Site "Chess.com"]
[Date "2023.10.24"]
[Round "4"]
[White "tusplingher"]
[Black "Arimin1329"]
[Result "1-0"]
[WhiteElo "2509"]
[BlackElo "2307"]
[TimeControl "180+1"]
[EndTime "8:39:36 PDT"]
[Termination "tusplingher won by resignation"]

1. e4 c6 2. Ne2 d5 3. e5 c5 4. d4 Nc6 5. c3 Bg4 6. h3 Bxe2 7. Bxe2 e6 8. O-O Qb6 9. Be3 Nh6 10. dxc5 Qxb2 11. Nd2 Nf5 12. Rb1 Nxe3 13. Rxb2 Nxd1 14. Rxd1 Rb8 15. Bb5 Kd7 16. c4 Bxc5 17. Ne4 Be7 18. cxd5 exd5 19. Rxd5+ Ke6 20. Bc4 Nxe5 21. Rd6+ Kf5 22.
Ng3+ Kf4 23. Rd4+ Kg5 24. f4+ Kg6 25. fxe5 Bc5 26. Rd2 Rhd8 27. Bd3+ f5 28. exf6+ Kf7 29. Bc4+ Kf8 30. fxg7+ Kxg7 31. Kh2 Rxd4 32. Nf5+ Kf6 33. Nxd4 Rc8 34. Nf3 a6 35. Bb3 b5 36. Rc2 Bd6+ 37. Kg1 Rd8 38. Nd2 a5 39. Ne4+ Ke5 40. Nxd6 Rxd6 41. Rc5+ Kd4 42. Rxb5 Kc3 43. Rxa5 Kb4 44. Ra4+ Kc3 45. Rh4 h6 46. Rg4 Kd2 47. Kh2 Ke3 48.
h4 Rc6 49. h5 Rc5 50. Bf7 Kf2 51. Bg6 Rc1 52. Rf4+ Ke3 53. Rf3+ Ke2 54. a4 Ra1 55. Rf4 Ke3 56. Rg4 Kf2 57. Rf4+ Ke3 58. Rc4 Ra3 59. a5 Rxa5 60. Kg3 Rg5+ 61. Rg4 Ra5 62. Kh4 Ra1 63. Rg3+ Kf4 64. Rf3+ Ke5 65. Kg4 Ra4+ 66. Kh3 Ra1 67. g4 Rg1 68. Rg3 Rf1 69. g5 Kf4 70. gxh6 Rh1+ 71. Kg2 Ra1 72. h7 Ra2+ 73. Kh3 Ra8 74. Bf7 Rh8 75. Bg8 Kf5 76. Rg6 Kf4 77. Kh4 Kf5 78. Kg3 Ke5 79. Kg4 Ke4 80.
Kg5 Ke5 81. Kh6 Kf5 82. Kg7 Rxg8+ 83. hxg8=Q 1-0

[Event "Early-Titled-Tuesday-Blitz-October-24-2023"]
[Site "Chess.com"]
[Date "2023.10.24"]
[Round "4"]
[White "AndrewB92"]
[Black "Aygehovit1992"]
[Result "1/2-1/2"]
[WhiteElo "2469"]
[BlackElo "2653"]
[TimeControl "180+1"]
[EndTime "8:39:41 PDT"]
[Termination "Game drawn - timeout vs insufficient material"]

1. d4 d6 2. c4 g6 3. Nc3 Bg7 4. g3 f5 5. Bg2 Nc6 6. e3 Nf6 7. Nge2 e5 8. dxe5 Nxe5 9. b3 h5 10.
h4 Neg4 11. O-O Be6 12. Bb2 c6 13. Nf4 Bf7 14. Qd2 Qe7 15. Rad1 Rd8 16. Rfe1 O-O 17. f3 Ne5 18. Nh3 d5 19. cxd5 Nxd5 20. Nxd5 Bxd5 21.
Bxe5 Bxe5 22. Qf2 Kg7 23. Nf4 Bf7 24. Bf1 b5 25. Kg2 Qf6 26. Rxd8 Rxd8 27. Rc1 Bc3 28. Rc2 Qe5 29. Bd3 b4 30. Be2 a5 31. g4 fxg4 32. fxg4 Qe4+ 33. Bf3 Qxc2 34. Qxc2 Rd2+ 35. Qxd2 Bxd2 36.
gxh5 a4 37. hxg6 axb3 38. axb3 Bxb3 39. Bxc6 Bxe3 40. Nd5 Bc5 41. h5 Bc2 42. Nf4 Bf5 43. Bd5 Kf6 44. Kf3 Bc2 45. h6 Bd4 46. g7 Bh7 47.
g8=Q Bxg8 48. Bxg8 Be5 49. Nd5+ Kg6 50. h7 b3 51.
Ne7+ Kg7 52. Nc6 b2 53. Ba2 Bc3 54. Ne7 b1=Q 55. Bxb1 Bf6 56. Nd5 Bb2 57. Kg4 Kh8 58.
Ne7 Kg7 59. Kh5 Bc3 60. Nf5+ Kh8 61. Nd6 Kg7 62. Kg5 Bd2+ 63. Kg4 Bc3 64. Be4 Ba1 65. Bf5 Bb2 66. Kf4 Bc1+ 67. Ke4 Bb2 68. Kd5 Ba1 69. Ke6 Bb2 70. Nf7 Kf8 71. h8=Q+ Bxh8 72. Nxh8 Kg7 73.
Nf7 Kg8 74. Be4 Kg7 1/2-1/2

[Event "Early-Titled-Tuesday-Blitz-October-24-2023"]
[Site "Chess.com"]
[Date "2023.10.24"]
[Round "4"]
[White "FGHSMN"]
[Black "NovoselovRoman"]
[Result "1-0"]
[WhiteElo "2893"]
[BlackElo "2569"]
[TimeControl "180+1"]
[EndTime "8:39:44 PDT"]
[Termination "FGHSMN won by checkmate"]

1. e4 e6 2. d4 d5 3. Bd3 Nf6 4.
e5 Nfd7 5. f4 c5 6. c3 Nc6 7. Nf3 Qb6 8. Qb3 cxd4 9. Qxb6 Nxb6 10.
Nxd4 Bd7 11. Be3 Bc5 12. Nd2 Bxd4 13. Bxd4 Nxd4 14. cxd4 Rc8 15. Ke2 Ke7 16. Rac1 Na4 17. Rb1 a6 18. Nf3 Rc7 19. Kd2 Rhc8 20. Rhd1 Bb5 21.
Ne1 Bxd3 22. Kxd3 b5 23. Ke3 h5 24. Nd3 Rc2 25. Rd2 g6 26. b3 Rxd2 27. Kxd2 Nc3 28.
Rc1 Ne4+ 29. Ke3 Rxc1 30. Nxc1 Kd7 31. Nd3 Kc6 32. g3 a5 33. Nc1 b4 34. Ne2 Kb5 35.
h3 a4 36. g4 hxg4 37. hxg4 Ka5 38. f5 gxf5 39. gxf5 Kb5 40. Kf4 axb3 41. axb3 Nd2 42. Nc1 Ne4 43. Nd3 Nd2 44. Nc5 exf5 45. Ke3 Ne4 46.
Nd3 Ng5 47. Nf4 Kc6 48. Nd3 Ne6 49. Nxb4+ Kb5 50. Nxd5 Kc6 51. Nf4 Ng5 52. d5+ Kc5 53.
d6 Kc6 54. b4 Ne4 55. b5+ Kd7 56. Kd4 f6 57. e6+ Kxd6 58. b6 Kc6 59. e7 Nd6 60.
Nd5 f4 61. Kd3 f5 62. Ke2 Kd7 63. Kf3 Nb7 64. Kxf4 Nd6 65. Ke5 Nb7 66. Kxf5 Nc5 67. Kf6 Nb7 68. Kf7 Nd6+ 69. Kf8 Kc6 70. e8=Q+ Nxe8 71. Kxe8 Kb7 72. Kd7 Ka8 73. Kc6 Kb8 74. b7 Ka7 75. Kc7 Ka6 76. b8=Q Ka5 77. Kc6 Ka6 78. Qb6# 1-0

[Event "Early-Titled-Tuesday-Blitz-October-24-2023"]
[Site "Chess.com"]
[Date "2023.10.24"]
[Round "4"]
[White "topin8"]
[Black "Malev212"]
[Result "1/2-1/2"]
[WhiteElo "2456"]
[BlackElo "2637"]
[TimeControl "180+1"]
[EndTime "8:39:47 PDT"]
[Termination "Game drawn by agreement"]

1. e4 c5 2. Nf3 d6 3. c3 Nf6 4. Be2 g6 5. O-O Bg7 6. Bb5+ Nfd7 7. d4 O-O 8. Re1 a6 9. Bf1 Nc6 10. d5 Nce5 11. Nfd2 Nf6 12. f4 Ned7 13. Nf3 Ne8 14. a4 b6 15. Na3 Bb7 16. c4 e6 17. Ra2 Nc7 18. b3 e5 19. Kh1 Re8 20. f5 Kh8 21. Ng5 Qe7 22. Rf2 Rf8 23. Bd3 Bf6 24. Nh3 Rg8 25. Ref1 g5 26. g4 Kg7 27. Ng1 Kf8 28. Nf3 Ke8 29. h3 h6 30. Kg2 Kf8 31. Ng1 Rb8 32.
Ne2 Bc8 33. Nc3 Rb7 34. Be3 Nb8 35. Ra2 Bd7 36. Qd2 Kg7 37. Rfa1 Qe8 38. Ne2 Rh8 39. Ng3 Kf8 40. Nh5 Qd8 41. Nc2 Be8 42. b4 Nd7 43. b5 a5 44. Na3 Be7 45. Nc2 Nf6 46. Ne1 Nxh5 47. gxh5 f6 48. Be2 Bf7 49. Bg4 Qe8 50.
Qe2 Kg7 51. Nd3 Na8 52. Nf2 Nc7 53. Nh1 Kf8 54. Ng3 Bd8 55. Qd3 Ke7 56. Qe2 Kd7 57. Qd3 Kc8 58. Qe2 Kb8 59. Rh1 Ka7 60.
Kf1 Qf8 61. Kg2 Ne8 62. Bd2 Ng7 63. Bc3 Qe7 64. Rf1 Be8 65. Rb2 Bf7 66. Qd2 Qe8 67. Qe2 Rc7 68. Qd1 Rd7 69. Qe2 Rg8 70. Qd1 Rh8 71.
Kh1 Be7 72. Rg1 Bd8 73. Qe2 Bc7 74. Qd1 Rg8 75. Qe2 Qd8 76. Qd1 Qe8 77. Qe2 Qe7 78. Qd1 Bd8 79. Qe2 Rh8 80. Qd1 Qe8 81. Qe2 Re7 82.
Qd1 Bc7 83. Qe2 Qf8 84. Qd1 Rh7 85. Qe2 Qh8 86. Qd1 Ne8 87. Qe2 Rg7 88. Qd1 Qg8 89.
Qe2 Rh7 90. Qd1 Ng7 91. Qe2 Qe8 92. Qd1 Bd8 93. Qe2 Rb7 94. Qd1 Qe7 1/2-1/2

[Event "Early-Titled-Tuesday-Blitz-October-24-2023"]
[Site "Chess.com"]
[Date "2023.10.24"]
[Round "4"]
[White "mariaesthergranados"]
[Black "DKmirl"]
[Result "0-1"]
[WhiteElo "2139"]
[BlackElo "2294"]
[TimeControl "180+1"]
[EndTime "8:39:54 PDT"]
[Termination "DKmirl won by checkmate"]

1. e4 c5 2. Nc3 Nc6 3. Bb5 g6 4. Bxc6 bxc6 5. f4 Bg7 6. Nf3 Nf6 7. d3 O-O 8. O-O d6 9. Qe1 Bg4 10. h3 Bxf3 11. Rxf3 Qb6 12. Kh1 Nd7 13. b3 a5 14.
Bd2 Qc7 15. Rd1 Nb6 16. a4 Nd7 17. Qh4 Bf6 18. Qh6 Bg7 19. Qh4 Rae8 20. g4 e5 21. f5 f6 22. g5 Qd8 23. Rdf1 gxf5 24. Rxf5 fxg5 25. Bxg5 Qc8 26. Bh6 Rxf5 27. Rxf5 Nf8 28. Qg4 Ng6 29. Bxg7 Kxg7 30. h4 h5 31. Qg5 Qd8 32.
Kh2 Qxg5 33. Rxg5 Kh6 34. Kg3 Rf8 35. Rf5 Kg7 36. Rxh5 Rf1 37. Rg5 Rg1+ 38. Kf2 Rxg5 39.
hxg5 Nf4 40. Kg3 Kg6 41. Kg4 Ne6 42. Ne2 Nxg5 43. Ng3 Nf7 44. Nf5 Kf6 45. Kh5 Ke6 46. Kg6 Nd8 47. Ng7+ Kd7 48. Kf6 Nb7 49. Kf7 c4 50.
dxc4 Nc5 51. Nh5 Nxe4 52. Kg6 Nc5 53. Kf5 Ke7 54. Ng3 Ne6 55. Ne4 Nd4+ 56. Kg6 Nxc2 57. c5 d5 58. Ng3 Nd4 59. Kg5 Ke6 60. Kg4 Nxb3 61. Kf3 Nxc5 62. Ke3 d4+ 63. Kd2 Nxa4 64. Ne4 Kd5 65. Nf6+ Kc4 66. Ne4 c5 67. Nd6+ Kd5 68.
Nf5 Nb6 69. Ne7+ Ke6 70. Nc6 a4 71. Na5 c4 72. Kc2 Kd6 73. Nb7+ Kc6 74. Na5+ Kb5 75. Nb7 d3+ 76. Kd2 Nd5 77. Nd6+ Kc5 78. Ne4+ Kb4 79.
Kc1 c3 80. Kb1 c2+ 81. Kc1 Kb3 82. Nd2+ Kb4 83. Ne4 Nc3 84. Nxc3 a3 85. Kd2 c1=Q+ 86. Kxc1 Kxc3 87. Kb1 d2 88. Ka1 d1=Q+ 89. Ka2 Qb3+ 90. Ka1 Qb2# 0-1

[Event "Early-Titled-Tuesday-Blitz-October-24-2023"]
[Site "Chess.com"]
[Date "2023.10.24"]
[Round "4"]
[White "GMSrinath"]
[Black "gau248"]
[Result "1-0"]
[WhiteElo "2836"]
[BlackElo "2595"]
[TimeControl "180+1"]
[EndTime "8:39:56 PDT"]
[Termination "GMSrinath won by resignation"]

1. Nf3 d5 2. e3 Nf6 3. c4 e6 4. Nc3 Be7 5. b3 O-O 6. Bb2 b6 7. Rc1 Bb7 8. cxd5 exd5 9. g3 Nbd7 10. Bg2 c5 11. O-O Rc8 12. d4 Ne4 13. Nxe4 dxe4 14.
Nd2 f5 15. Nc4 Nf6 16. dxc5 Bxc5 17. Qe2 Ba6 18. Rfd1 Qe7 19. Qe1 Rfd8 20. Bf1 Bb4 21. Bxf6 gxf6 22. Rxd8+ Rxd8 23. Qe2 b5 24. a3 Bc5 25. Na5 Bxa3 26. Rc6 Bc8 27. Qxb5 Bd6 28. Nc4 Bd7 29. Qd5+ Be6 30. Qa5 h5 31. Nxd6 Rxd6 32. Rc7 Rd7 33. Rc1 h4 34. b4 Kh7 35. b5 f4 36.
exf4 e3 37. Qe1 exf2+ 38. Qxf2 hxg3 39. hxg3 Bf5 40. Qc5 Qe4 41. Bg2 Qd3 42. Kh2 Rg7 43.
Rc3 Qd7 44. Qf8 Qf7 45. Qd6 Qh5+ 46. Kg1 Bh3 47. Qd3+ Kh6 48. Qf3 Bxg2 49. Qxh5+ Kxh5 50.
Kxg2 Rb7 51. Rc6 Kg6 52. Rc5 Rd7 53. g4 Rd2+ 54. Kf3 Rb2 55. Ke4 Rb4+ 56. Ke3 Rb3+ 57. Kf2 Rb2+ 58. Kg3 Rb3+ 59. Kh4 Rb4 60. f5+ Kh6 61.
Rc6 Kg7 62. Kh5 Rxb5 63. Rc7+ Kg8 64. Kg6 Kf8 65. Kxf6 Rb6+ 66. Kg5 a5 67. Ra7 Rb5 68. Kg6 Rb8 69. Rxa5 Kg8 70. g5 Rc8 71. f6 Rd8 72. Ra7 Rc8 73. Kh6 Rc2 74. f7+ Kf8 75. g6 Rh2+ 76.
Kg5 Rg2+ 77. Kf5 Rf2+ 78. Ke4 Kg7 79. Ra8 Rf6 80. Rg8+ Kh6 81. f8=Q+ Rxf8 82. Rxf8 Kg7 83. Rf5 1-0

[Event "Early-Titled-Tuesday-Blitz-October-24-2023"]
[Site "Chess.com"]
[Date "2023.10.24"]
[Round "4"]
[White "jraosam"]
[Black "RCone"]
[Result "1/2-1/2"]
[WhiteElo "2141"]
[BlackElo "2427"]
[TimeControl "180+1"]
[EndTime "8:40:25 PDT"]
[Termination "Game drawn by repetition"]

1. e4 d6 2. d4 Nf6 3. Nc3 g6 4. Nf3 Bg7 5. Bc4 O-O 6. O-O Bg4 7. h3 Bxf3 8. Qxf3 Nc6 9. Rd1 e5 10. dxe5 Nxe5 11. Qe2 Nxc4 12. Qxc4 Qc8 13. Bg5 Nd7 14. Nd5 Nb6 15. Nxb6 axb6 16. c3 Re8 17. Re1 Qe6 18.
Qxc7 d5 19. Be3 dxe4 20. Qxb6 Qxb6 21. Bxb6 f5 22. a4 Re6 23. a5 Rae8 24. Rad1 f4 25. Rd7 e3 26. fxe3 fxe3 27. Rxb7 e2 28. a6 Bh6 29. a7 Rxb6 30. Rxb6 Be3+ 31. Kh2 Bxb6 32.
Rxe2 Ra8 33. Re6 Bxa7 34. g3 Bb8 35. Kg2 Kf7 36. Re2 Bd6 37. g4 Ra2 38. Kf3 h6 39. Ke4 Be7 40. Kd3 Bf6 41. Rf2 Ke6 42. Re2+ Be5 43.
Kc4 Ra1 44. b4 Rh1 45. Re3 Rh2 46. Kd3 Kd5 47. c4+ Ke6 48. b5 Rb2 49. Ke4 Rb4 50. Kd3 Rb3+ 51. Ke2 Rxe3+ 52. Kxe3 Kd6 53. Ke4 Bg3 54. Kf3 Be5 55. Ke4 Bc3 56. Kd3 Bb4 57.
h4 Bc5 58. h5 g5 59. Ke4 Ke6 60. Kf3 Ke5 61. Ke2 Kf4 62. Kd3 Kxg4 63. Ke4 Kxh5 64. Kd5 Ba7 65. c5 g4 66. b6 Bb8 67. c6 g3 68. c7 Bxc7 69. bxc7 g2 70. c8=Q g1=Q 71. Qh3+ Kg6 72. Qe6+ Kh5 73. Qf7+ Qg6 74. Qxg6+ Kxg6 75. Ke4 Kg5 76. Kf3 Kh4 77. Kg2 Kg4 78. Kh1 Kh3 79.
Kg1 Kg3 80. Kh1 Kf3 81. Kg1 Kg4 82. Kh1 h5 83. Kg1 Kh3 84. Kh1 Kg3 85. Kg1 Kf3 86. Kh1 Kf4 87. Kh2 Kg4 88. Kg1 Kh3 89. Kh1 h4 90. Kg1 Kg3 91. Kh1 Kf2 92. Kh2 Kf3 93. Kh1 Kf2 94. Kh2 Kf1 95. Kh1 Kf2 1/2-1/2

[Event "Early-Titled-Tuesday-Blitz-October-24-2023"]
[Site "Chess.com"]
[Date "2023.10.24"]
[Round "4"]
[White "knightinshiningarmour16"]
[Black "marik_spb"]
[Result "1-0"]
[WhiteElo "2163"]
[BlackElo "2421"]
[TimeControl "180+1"]
[EndTime "8:40:40 PDT"]
[Termination "knightinshiningarmour16 won by checkmate"]

1. d4 Nf6 2. Nf3 g6 3. Bf4 Bg7 4. e3 O-O 5. h3 b6 6. Be2 Bb7 7. O-O d6 8. c3 Nbd7 9. Nbd2 Re8 10. a4 e5 11. Bh2 c5 12. dxe5 dxe5 13. Nc4 Qc7 14.
Nd6 Red8 15. Nxb7 Qxb7 16. Qb3 e4 17. Ng5 Nf8 18. Bc4 Rd7 19. Bxf7+ Rxf7 20. Nxf7 Qxf7 21. Qxf7+ Kxf7 22. a5 Rd8 23. axb6 axb6 24. Bc7 Rd2 25. Bxb6 N8d7 26. Ra7 Kg8 27. Ra8+ Bf8 28. Bc7 Rxb2 29. Bd6 Kf7 30. Bxf8 Nxf8 31. Rd1 N8d7 32. Ra7 Ke6 33.
Ra6+ Rb6 34. Ra8 Rd6 35. Rb1 Rd3 36. c4 Rc3 37. Ra6+ Kf5 38. g4+ Kg5 39. Rd1 Ne5 40.
Kg2 Rxc4 41. Rdd6 Nfd7 42. Kg3 Kh6 43. Ra7 Rc1 44. Rdxd7 Rg1+ 45. Kf4 Nxd7 46. Rxd7 Rf1 47. Kg3 Rg1+ 48. Kf4 c4 49. Rc7 g5+ 50. Kxe4 Rh1 51. Rxc4 Rxh3 52. Rc6+ Kg7 53. f4 Rg3 54. Kf5 gxf4 55.
exf4 Rd3 56. Kg5 Rd7 57. f5 Ra7 58. Kh5 Rf7 59. Re6 Kg8 60. Kh6 Rf8 61. Re5 Rf6+ 62. Kg5 Rf7 63. f6 Ra7 64. Kf5 Ra1 65. g5 Kf8 66.
Rc5 Rf1+ 67. Ke6 Re1+ 68. Re5 Rg1 69. Rd5 Re1+ 70. Kf5 Rf1+ 71. Kg4 Rg1+ 72. Kh5 Rh1+ 73. Kg4 Rg1+ 74. Kf3 Rf1+ 75. Kg2 Rf4 76. Kg3 Ra4 77. Rd7 Kg8 78. Kh3 Rb4 79. Kg3 Ra4 80. Rd8+ Kf7 81. Rh8 Kg6 82. Rg8+ Kh5 83. Rg7 h6 84. g6 Ra3+ 85. Kf4 Ra1 86. f7 Rf1+ 87. Ke5 Kg4 88. Rg8 h5 89. f8=Q Rxf8 90. Rxf8 Kg5 91. g7 h4 92. g8=Q+ Kh6 93. Rf7 h3 94. Rh7# 1-0

[Event "Early-Titled-Tuesday-Blitz-October-24-2023"]
[Site "Chess.com"]
[Date "2023.10.24"]
[Round "4"]
[White "JuniorJumper"]
[Black "abc_xyz4744"]
[Result "1/2-1/2"]
[WhiteElo "2612"]
[BlackElo "2397"]
[TimeControl "180+1"]
[EndTime "8:41:40 PDT"]
[Termination "Game drawn by agreement"]

1. d4 d5 2. Bf4 Nf6 3. e3 Bf5 4. Nf3 e6 5. Nbd2 Bd6 6. Bg3 O-O 7. c4 c6 8. Be2 h6 9. Rc1 Ne4 10. Bxd6 Qxd6 11. Nxe4 Bxe4 12. Bd3 f5 13. Ne5 Nd7 14. c5 Qc7 15. Nxd7 Qxd7 16. f3 Bxd3 17. Qxd3 Rae8 18. f4 b6 19. O-O Rb8 20. Rf2 b5 21. Qc3 b4 22. Qb3 a5 23. Qa4 Ra8 24. Qb3 Qb7 25. a4 Qa6 26. Qd1 b3 27. Qxb3 Rab8 28. Qc3 Rb4 29. b3 Rfb8 30. Rb2 Qb7 31. Rcb1 Qe7 32. Qe1 Kh7 33. h3 Qf6 34. Kh2 Qg6 35. Qe2 Qf6 36.
Qa6 g5 37. Qxc6 gxf4 38. Qc7+ Qg7 39. Qxf4 Rg8 40. Rg1 Qf6 41. g3 Rgb8 42. Rgb1 e5 43. Qxe5 Qxe5 44. dxe5 Re4 45. c6 Rxe5 46. c7 Rc8 47.
Rc1 Rxe3 48. b4 axb4 49. Rxb4 Re4 50. Rb8 Ree8 51. Rxc8 Rxc8 52. Kg2 Kg6 53. Kf3 Kf6 54. Kf4 d4 55. a5 Ke6 56. a6 Kd7 57. Ke5 d3 58.
Kd4 d2 59. Rd1 Rxc7 60. Rxd2 Ra7 61. Ke5+ Ke7 62. Kxf5 Rxa6 63. Kg4 Kf6 64. Rd4 Kg6 65. Rb4 Rc6 66. Rf4 Ra6 67. h4 h5+ 68. Kh3 Rb6 69.
Rc4 Ra6 70. Rb4 Rc6 71. Ra4 Rb6 72. Ra5 Rc6 73. Rg5+ Kh6 74. Re5 Rb6 75. Kg2 Ra6 76. Kf3 Kg6 77. Kf4 Ra4+ 78. Re4 Ra6 79. Rb4 Rc6 80. Ke5 Rc5+ 81. Ke4 Rc6 82. Ke5 Ra6 83.
Rd4 Ra3 84. Rd6+ Kg7 85. Kf4 Ra5 86. Re6 Ra4+ 87. Kg5 Rg4+ 88. Kxh5 Rxg3 89. Ra6 Kh8 90. Ra7 Rg8 91. Kh6 Rc8 92. Ra6 Rb8 93. Rg6 Ra8 94. h5 Ra7 95. Rb6 Rh7+ 96. Kg6 Rg7+ 97. Kh6 Rg8 98.
Rb7 Re8 99. Rh7+ Kg8 100. Rg7+ Kh8 101. Rf7 Kg8 102. Rf6 Rf8 103. Re6 Rd8 104. Kg6 Rc8 105. h6 Rb8 106. Rc6 Ra8 107. Re6 Rb8 108. Ra6 Rc8 109. Rb6 Rd8 110. Rb7 Rc8 111. Rb6 Kh8 112. Re6 Kg8 113. Re7 Rc6+ 114. Kg5 Rc5+ 115. Kg4 Rc4+ 116. Kf5 Rc5+ 117. Kg6 Rc6+ 118. Kh5 Rc5+ 119. Kg4 Rc4+ 120. Kf5 Rc5+ 121. Kf6 Rc6+ 122. Kg5 Rc5+ 1/2-1/2

[Event "Early-Titled-Tuesday-Blitz-October-24-2023"]
[Site "Chess.com"]
[Date "2023.10.24"]
[Round "5"]
[White "marik_spb"]
[Black "parintele_chess"]
[Result "1-0"]
[WhiteElo "2426"]
[BlackElo "2262"]
[TimeControl "180+1"]
[EndTime "8:49:10 PDT"]
[Termination "marik_spb won by resignation"]

1. e4 e5 2. Nf3 Nc6 3. Bc4 Nf6 4. d4 exd4 5. O-O Nxe4 6. Re1 d5 7. Bxd5 Qxd5 8. Nc3 Qh5 9. Nxe4 Be6 10. Nxd4 Qxd1 11. Rxd1 Nxd4 12. Rxd4 Bc5 13. Nxc5 1-0